 Dungeon Crawl Stone Soup version 0.26.0-10-g1f06aea511 (webtiles) character file.

Game seed: 8164555743627959143

77 Borgoz the Slasher (level 4, 0/38 HPs)
             Began as a Minotaur Gladiator on Jan 17, 2021.
             Succumbed to a goblin's poison
             ... on level 1 of the Dungeon.
             The game lasted 00:01:35 (1561 turns).

Borgoz the Slasher (Minotaur Gladiator)             Turns: 1561, Time: 00:01:35

Health: 0/38       AC:  3    Str: 19    XL:     4   Next: 14%
Magic:  3/3        EV: 13    Int:  6    God:
Gold:   62         SH:  0    Dex: 11    Spells: 3/3 levels left

rFire    . . .     SeeInvis .   a - +0 long sword
rCold    . . .     Faith    .   (no shield)
rNeg     . . .     Spirit   .   b - +0 leather armour
rPois    .         Reflect  .   c - +0 hat
rElec    .         Harm     .   (no cloak)
rCorr    .         Rampage  .   (no gloves)
Will     .....                  (no boots)
Stlth    +.........             m - amulet of inaccuracy (curse)
HPRegen  0.12/turn              (no ring)
MPRegen  0.08/turn              (no ring)

@: lethally poisoned (0 -> -28), attractive
A: retaliatory headbutt, horns 2
a: no special abilities


You were on level 1 of the Dungeon.
You visited 1 branch of the dungeon, and saw 2 of its levels.

You collected 62 gold pieces.

Inventory:

Hand Weapons
 a - a +0 long sword (weapon)
Missiles
 d - 3 throwing nets (quivered)
Armour
 b - a +0 leather armour (worn)
 c - a +0 hat (worn)
Jewellery
 m - a cursed amulet of inaccuracy (around neck)
Scrolls
 f - a scroll of magic mapping
 j - a scroll of amnesia {unknown}
 l - 2 scrolls of teleportation
Potions
 e - 2 potions of flight
 i - a potion of attraction


   Skills:
 + Level 3.3 Fighting
 + Level 4.3 Long Blades
 - Level 2.0 Throwing
 + Level 2.1 Armour
 + Level 3.9 Dodging


You had 3 spell levels left.
You didn't know any spells.
Your spell library was empty.

Dungeon Overview and Level Annotations

Branches:
Dungeon (2/15)

Altars:


Innate Abilities, Weirdness & Mutations

You reflexively headbutt those who attack you in melee.
You have a pair of horns on your head.


Message History

You closely miss the goblin.
You feel very sick. The goblin misses you.
You riposte.
You miss the goblin. Your headbutt misses the goblin. You slash the goblin!
You kill the goblin!
* * * LOW HITPOINT WARNING * * *
You feel very sick.
It was a potion of attraction.
You feel attractive to monsters.
* * * LOW HITPOINT WARNING * * *
You feel sick.
It was a potion of magic.
Magic courses through your body.
* * * LOW HITPOINT WARNING * * *
You feel very sick.
There is a lethal amount of poison in your body!
There is a lethal amount of poison in your body!
* * * LOW HITPOINT WARNING * * *
You feel sick.
You die...

#.......# #..........
#.......# #####.#.###
#.......# #......
#.......# ###.###
#.......# #.###
#.......######### #....
#.......##......########
#.....[.†...............
#####..@)...............
#..†).......#.######
#...................
#...###..###..######
#...# ##.# #..# #####
#.# #..# #.# #..#
#.###..######
#♣..#........


There were no monsters in sight!

Vanquished Creatures
  Robin (D:1)
  A gnoll (D:1)
  An adder (D:1)
  An ooze (D:1)
  2 leopard geckos (D:1)
  8 bats (D:1)
  9 goblins (D:1)
  7 hobgoblins
  2 jackals
  2 kobolds (D:1)
  A frilled lizard (D:1)
  7 rats (D:1)
42 creatures vanquished.

Notes
Turn   | Place    | Note
-------+----------+-------------------------------------------
     0 | D:1      | Borgoz the Minotaur Gladiator began the quest for the Orb.
     0 | D:1      | Reached XP level 1. HP: 18/18 MP: 0/0
    20 | D:1      | Reached XP level 2. HP: 25/25 MP: 1/1
    71 | D:1      | Reached skill level 1 in Armour
   456 | D:1      | Reached skill level 4 in Long Blades
   571 | D:1      | Reached XP level 3. HP: 15/31 MP: 2/2
  1210 | D:2      | Noticed Robin
  1395 | D:1      | Killed Robin
  1556 | D:1      | Reached XP level 4. HP: 17/38 MP: 3/3
  1561 | D:1      | Succumbed to a goblin's poison

Illustrated notes

Levels and vault maps discovered:
D:1:      sevenhm_arrival_forest_fort_small_6, layout_basic, minmay_cut_off
D:2:      layout_loops_ring, nicolae_dithmenos_through_a_glass_darkly,
          uniq_robin

Skill      XL: |  1  2  3 |
---------------+----------+-----
Armour         | 1 2 |  2.1
Long Blades    | 4 |  4.3
Fighting       | 3 |  3.3
Throwing       | |  2.0
Dodging        | |  3.9

Action                   |  1- 3 |  4- 6 || total
-------------------------+-------+-------++-------
Melee: Long sword        |    67 |     2 ||    69
       Headbutt          |     8 |       ||     8
  Use: Scroll            |     3 |       ||     3
       Potion            |     1 |     2 ||     3
Armor: Leather armour    |    25 |       ||    25
Dodge: Dodged            |    79 |     1 ||    80
       Rpst.: Long sword |    19 |     1 ||    20
